[Event "Titled Tuesday Blitz March 28 Early 2023"]
[White "babbilator"]
[Black "Aveskulov, Valeriy"]
[BlackFideId "14109743"]
[WhiteElo "2248"]
[BlackElo "2552"]
[Result "0-1"]
[Round "04"]
[TimeControl "180+2"]
[Date "2023.03.28"]
[WhiteClock "0:00:03"]
[BlackClock "0:00:17"]

1. e4 c5 2. Nc3 a6 3. Nf3 d6 4. d4 cxd4 5. Nxd4 Nf6 6. f4 e5 7. Nf3 Nbd7 8. a4 Qc7 9. Bd3 Be7 10. O-O O-O 11. Kh1 exf4 12. Bxf4 Ne5 13. Qe1 Be6 14. Nd4 Rae8 15. Bg5 h6 16. Bxf6 Bxf6 17. Nf5 Nxd3 18. cxd3 Bxc3 19. Qxc3 Qxc3 20. bxc3 Rd8 21. c4 Rd7 22. Rab1 Rc8 23. Rb6 Bxf5 24. Rxf5 Rc5 25. Rd5 Rxd5 26. exd5 Kf8 27. Kg1 Ke7 28. Kf2 Kd8 29. Ke3 Kc7 30. a5 Re7+ 31. Kd4 Re2 32. c5 dxc5+ 33. Kxc5 Rc2+ 34. Kd4 Rxg2 35. d6+ Kc8 36. d7+ Kxd7 37. Rxb7+ Ke6 38. Rb6+ Kf5 39. Rxa6 Rxh2 40. Rb6 Ra2 41. a6 h5 42. Kc3 h4 43. Kb3 Ra1 44. Rb5+ Kg6 45. Rb4 Rxa6 46. Rxh4 f5 47. d4 Rc6 48. d5 Rc1 49. Rd4 Kf7 50. d6 Ke8 51. Kb2 Rc6 52. d7+ Kd8 53. Kb3 g5 54. Rd5 Rf6 55. Kc4 g4 0-1


[Site "https://www.chess.com"]

[Event "Titled Tuesday Blitz March 28 Early 2023"]
[White "Amilal Munkhdalai"]
[Black "lolliNOPE"]
[WhiteFideId "4903250"]
[WhiteElo "2293"]
[BlackElo "2076"]
[Result "1-0"]
[Round "04"]
[TimeControl "180+2"]
[Date "2023.03.28"]
[WhiteClock "0:00:07"]
[BlackClock "0:00:13"]

1. e4 c6 2. Nc3 d5 3. Nf3 Bg4 4. h3 Bxf3 5. Qxf3 e6 6. d3 Nf6 7. a3 Be7 8. g4 O-O 9. g5 Nfd7 10. h4 f5 11. Qh3 fxe4 12. dxe4 Bc5 13. f4 Qe7 14. Bd3 Bd4 15. Ne2 Bb6 16. e5 Nc5 17. Bd2 Nbd7 18. O-O-O Nxd3+ 19. cxd3 Nc5 20. Bb4 a5 21. Bxc5 Bxc5 22. d4 Ba7 23. Rhf1 c5 24. f5 exf5 25. Rxf5 cxd4 26. Kb1 Rae8 27. Nxd4 Rxf5 28. Qxf5 Qxe5 29. Qxe5 Rxe5 30. Nb5 Bf2 31. Nd6 Bxh4 32. Rc1 Kf8 33. Rc8+ Ke7 34. Nxb7 Bxg5 35. Nxa5 h5 36. Nc6+ Kd6 37. Nxe5 Kxe5 38. a4 h4 39. Rh8 Bh6 40. a5 h3 41. a6 h2 42. Re8+ Kd6 43. Re1 Kc6 44. b4 Bf4 45. b5+ Kb6 46. Kc2 g5 47. Re6+ Ka7 48. Re7+ Kb6 49. Rb7+ Kc5 50. Rc7+ Kb6 51. Rb7+ Kc5 52. Rh7 Kb6 53. a7 h1=Q 54. a8=N+ Kxb5 55. Rxh1 Kc4 56. Nb6+ Kc5 57. Nd7+ Kd4 58. Nf6 Ke3 59. Ng4+ Kf3 60. Nf6 Kg2 61. Rh7 d4 62. Kd3 Be3 63. Nd5 g4 64. Nxe3+ dxe3 65. Kxe3 g3 66. Rg7 Kh2 67. Kf3 g2 68. Rxg2+ Kh1 69. Rg8 Kh2 70. Rg7 Kh1 71. Kf2 Kh2 72. Rh7# 1-0


[Site "https://www.chess.com"]

[Event "Titled Tuesday Blitz March 28 Early 2023"]
[White "Bitoon, Richard"]
[Black "Delorme, Alban"]
[WhiteFideId "5201110"]
[BlackFideId "623636"]
[WhiteElo "2374"]
[BlackElo "2196"]
[Result "1-0"]
[Round "04"]
[TimeControl "180+2"]
[Date "2023.03.28"]
[WhiteClock "0:01:45"]
[BlackClock "0:01:01"]

1. e4 c5 2. c3 g6 3. d4 cxd4 4. cxd4 Bg7 5. Nc3 d6 6. Nf3 Nf6 7. Bb5+ Bd7 8. Qe2 O-O 9. e5 dxe5 10. dxe5 Ng4 11. h3 Nh6 12. g4 Bxb5 13. Qxb5 Nc6 14. Qxb7 Nd4 15. O-O Nxf3+ 16. Qxf3 f5 17. exf6 exf6 18. Rd1 Qb6 19. Nd5 Qa5 20. Bd2 Qb5 21. Nc7 Qb8 22. Nxa8 Qxa8 23. Qxa8 Rxa8 24. Rac1 Nf7 25. Rc7 Ne5 26. Bc3 1-0


[Site "https://www.chess.com"]

[Event "Titled Tuesday Blitz March 28 Early 2023"]
[White "Golubev, Mikhail"]
[Black "Samant Aditya S"]
[WhiteFideId "14100983"]
[BlackFideId "35080580"]
[WhiteElo "2374"]
[BlackElo "2362"]
[Result "0-1"]
[Round "04"]
[TimeControl "180+2"]
[Date "2023.03.28"]
[WhiteClock "0:00:01"]
[BlackClock "0:00:04"]

1. e4 c5 2. Nf3 d6 3. d4 cxd4 4. Nxd4 Nf6 5. Nc3 Nc6 6. Bc4 e6 7. Be3 a6 8. Bb3 Be7 9. Qe2 Na5 10. g4 Nxb3 11. axb3 O-O 12. g5 Nd7 13. Rg1 Qc7 14. O-O-O b5 15. f4 b4 16. Nf5 Bd8 17. Qh5 bxc3 18. Rg3 exf5 19. Rh3 h6 20. gxh6 g6 21. h7+ Kh8 22. Qh6 cxb2+ 23. Kb1 Bf6 24. e5 Bg7 25. Qh4 dxe5 26. Qe7 Bb7 27. Rxd7 Qc6 0-1


[Site "https://www.chess.com"]

[Event "Titled Tuesday Blitz March 28 Early 2023"]
[White "Rendle, Thomas E"]
[Black "Mortazavi, Ali"]
[WhiteFideId "408760"]
[BlackFideId "401323"]
[WhiteElo "2428"]
[BlackElo "2339"]
[Result "1/2-1/2"]
[Round "04"]
[TimeControl "180+2"]
[Date "2023.03.28"]
[WhiteClock "0:00:06"]
[BlackClock "0:00:02"]

1. Nf3 Nf6 2. b3 g6 3. Bb2 Bg7 4. g3 O-O 5. Bg2 d6 6. d4 Nbd7 7. O-O a5 8. a4 Ne4 9. Nbd2 Nxd2 10. Qxd2 Nf6 11. e3 c6 12. Ne1 Bf5 13. Nd3 Qc8 14. f3 d5 15. Ba3 Re8 16. g4 Bd7 17. Ne5 Be6 18. Rac1 Nd7 19. Nd3 f6 20. c4 dxc4 21. bxc4 Nb6 22. Nb2 Bf7 23. e4 Qc7 24. d5 Nd7 25. h3 Rad8 26. Rfd1 Qg3 27. Qf2 Qxf2+ 28. Kxf2 Bh6 29. Rc2 Ne5 30. Bc5 cxd5 31. exd5 Rc8 32. Bb6 f5 33. Bxa5 fxg4 34. hxg4 Bf4 35. Bb6 g5 36. Bd4 Ng6 37. Bf1 Bxd5 38. Bd3 Bf7 39. Be4 Red8 40. Bxb7 Rb8 41. Be4 Rb3 42. a5 Rxd4 43. Rxd4 Be3+ 44. Kg2 Bxd4 45. Nd3 Ra3 46. c5 Nf4+ 47. Nxf4 gxf4 48. c6 Be6 49. c7 Bc8 50. Rd2 e5 51. Rc2 Rxa5 52. Bf5 Ra8 53. Be4 Ra7 54. Bf5 Ra8 55. Be4 Ra7 56. Bf5 Ra8 1/2-1/2


[Site "https://www.chess.com"]

[Event "Titled Tuesday Blitz March 28 Early 2023"]
[White "Lewtak, Damian"]
[Black "Olsson, William"]
[WhiteFideId "1141724"]
[BlackFideId "1741721"]
[WhiteElo "2302"]
[BlackElo "2197"]
[Result "1-0"]
[Round "04"]
[TimeControl "180+2"]
[Date "2023.03.28"]
[WhiteClock "0:01:53"]
[BlackClock "0:01:11"]

1. e4 c5 2. Nf3 d6 3. Bb5+ Nd7 4. O-O Nf6 5. Re1 a6 6. Bd3 b5 7. c4 bxc4 8. Bxc4 Bb7 9. Nc3 e6 10. d4 cxd4 11. Nxd4 Be7 12. Bxe6 fxe6 13. Nxe6 Qa5 14. Nxg7+ Kf7 15. Nf5 Qb4 16. a3 Qc4 17. Qxd6 Bxd6 18. Nxd6+ Ke6 19. Nxc4 1-0


[Site "https://www.chess.com"]

[Event "Titled Tuesday Blitz March 28 Early 2023"]
[White "Savitha Shri B"]
[Black "Kucuksari, Kaan"]
[WhiteFideId "35061887"]
[BlackFideId "6380166"]
[WhiteElo "2191"]
[BlackElo "2364"]
[Result "1-0"]
[Round "04"]
[TimeControl "180+2"]
[Date "2023.03.28"]
[WhiteClock "0:00:21"]
[BlackClock "0:00:03"]

1. e4 e5 2. Nf3 Nc6 3. Bb5 a6 4. Bxc6 dxc6 5. d4 exd4 6. Qxd4 Qxd4 7. Nxd4 Nf6 8. Nd2 c5 9. N4f3 Bd7 10. O-O O-O-O 11. Ng5 Be8 12. e5 Nd7 13. e6 Ne5 14. exf7 Nxf7 15. Ne6 Rd6 16. Nxf8 Rxf8 17. Ne4 Rg6 18. Be3 Bc6 19. Ng3 b6 20. Rfe1 h5 21. h4 Nd6 22. Bg5 Nf7 23. Be7 Rh8 24. Kh2 Rg4 25. f3 Rg6 26. Rad1 Bd7 27. Ne4 Re6 28. Ng5 Nxg5 29. Bxg5 Rhe8 30. Rxe6 Rxe6 31. Rd2 Re1 32. Kg3 Ra1 33. a3 Rb1 34. c3 Re1 35. Bf4 Bc6 36. Kf2 Rb1 37. Re2 a5 38. Be5 g6 39. Bf4 Bd7 40. Kg3 Bf5 41. Be5 Kd7 42. Kf4 Bd3 43. Rd2 c4 44. g4 Rf1 45. gxh5 gxh5 46. Bd4 Kc6 47. Rf2 Rh1 48. Kg5 Kb5 49. Kxh5 Ka4 50. f4 Rg1 51. f5 Rg8 52. f6 Bg6+ 53. Kh6 Bf7 54. Be5 c6 55. Bc7 b5 56. Rf5 Kb3 57. Rg5 Rc8 58. Bxa5 Kxb2 59. Kg7 Bd5 60. f7 Bxf7 61. Kxf7 c5 62. h5 Ra8 63. Bb6 Kxc3 64. h6 Kd4 65. h7 c3 66. Bxc5+ Kc4 67. Be3 c2 68. Rg8 Ra7+ 69. Kg6 Ra6+ 70. Kh5 c1=Q 71. Rc8+ Kd5 72. Bxc1 Rxa3 73. h8=Q Rh3+ 74. Kg6 Rxh8 75. Rxh8 1-0


[Site "https://www.chess.com"]

[Event "Titled Tuesday Blitz March 28 Early 2023"]
[White "Rozman, Levy"]
[Black "Begunov, Konstantin"]
[WhiteFideId "2039877"]
[BlackFideId "4118510"]
[WhiteElo "2376"]
[BlackElo "2079"]
[Result "1-0"]
[Round "04"]
[TimeControl "180+2"]
[Date "2023.03.28"]
[WhiteClock "0:01:13"]
[BlackClock "0:00:07"]

1. e4 c5 2. Nc3 a6 3. d4 cxd4 4. Qxd4 Nc6 5. Qe3 d6 6. Bd2 g6 7. O-O-O Bg7 8. Nd5 e6 9. Bc3 f6 10. Nb6 Bh6 11. f4 Bxf4 12. Qxf4 Qxb6 13. Rxd6 e5 14. Qd2 Qc7 15. Nf3 Nd4 16. Bb4 Nxf3 17. gxf3 Bd7 18. Ba3 O-O-O 19. Rxa6 bxa6 20. Bxa6+ Kb8 21. Bd6 Bc6 22. Qb4+ Ka7 23. Bxc7 1-0


[Site "https://www.chess.com"]

[Event "Titled Tuesday Blitz March 28 Early 2023"]
[White "Saya, Ethan"]
[Black "Poormosavi, Seyed Kian"]
[WhiteFideId "26095181"]
[BlackFideId "12585807"]
[WhiteElo "2150"]
[BlackElo "2334"]
[Result "0-1"]
[Round "04"]
[TimeControl "180+2"]
[Date "2023.03.28"]
[WhiteClock "0:00:05"]
[BlackClock "0:01:48"]

1. d4 Nf6 2. c4 Nc6 3. g3 e5 4. dxe5 Nxe5 5. b3 Bc5 6. Bg2 Qe7 7. Nf3 Nxf3+ 8. Bxf3 Qe5 9. Qc2 Qxa1 10. Bb2 Bb4+ 11. Kf1 Qxa2 12. Kg2 O-O 13. Nc3 Bxc3 14. Qxc3 Qa6 15. h4 Qe6 16. h5 h6 17. Bd5 Qe7 18. Rh4 d6 19. Rf4 c6 20. Bf3 Re8 21. Qc1 Nd7 22. Bxg7 Kxg7 23. Rg4+ Kh7 24. Be4+ Qxe4+ 25. Rxe4 Rxe4 26. Qc2 f5 27. g4 Nf6 28. f3 Re5 29. Kf2 Bd7 30. Qc3 Rae8 31. e3 fxg4 32. f4 Ne4+ 0-1


[Site "https://www.chess.com"]

[Event "Titled Tuesday Blitz March 28 Early 2023"]
[White "Kashtanov, Ruslan"]
[Black "Al-Tarboush, Ward"]
[WhiteFideId "4124871"]
[BlackFideId "7601450"]
[WhiteElo "2276"]
[BlackElo "2257"]
[Result "0-1"]
[Round "04"]
[TimeControl "180+2"]
[Date "2023.03.28"]
[WhiteClock "0:00:11"]
[BlackClock "0:01:52"]

1. e4 b6 2. d4 Bb7 3. Bd3 e6 4. Nf3 c5 5. Qe2 cxd4 6. Nxd4 Nc6 7. Nxc6 Bxc6 8. O-O Ne7 9. f4 g6 10. f5 gxf5 11. exf5 Rg8 12. g3 Nd5 13. Be4 Bc5+ 14. Kh1 Ne3 15. Bxc6 Nxf1 16. Bxa8 Nxg3+ 17. hxg3 Rxg3 18. Qe4 Rg1+ 19. Kh2 Rxc1 20. fxe6 dxe6 21. Bc6+ Kf8 22. b4 Qd6+ 23. Kg2 Rg1+ 24. Kf3 Qg3+ 25. Ke2 0-1


[Site "https://www.chess.com"]

[Event "Titled Tuesday Blitz March 28 Early 2023"]
[White "Valgmae, Toomas"]
[Black "Priyanka Nutakki"]
[WhiteFideId "4502523"]
[BlackFideId "25049615"]
[WhiteElo "2170"]
[BlackElo "2256"]
[Result "1/2-1/2"]
[Round "04"]
[TimeControl "180+2"]
[Date "2023.03.28"]
[WhiteClock "0:00:12"]
[BlackClock "0:00:19"]

1. d4 d5 2. c4 e6 3. Nc3 Nf6 4. Bg5 Be7 5. e3 O-O 6. Nf3 Nbd7 7. Bd3 dxc4 8. Bxc4 a6 9. a4 c5 10. O-O h6 11. Bh4 cxd4 12. Nxd4 Nb6 13. Bb3 Nbd5 14. Nxd5 Nxd5 15. Bg3 Bd7 16. Bxd5 exd5 17. Qb3 Bc6 18. Rac1 Qd7 19. Ra1 Bf6 20. Qd1 Rfc8 21. b3 b5 22. a5 b4 23. Qd3 Bb5 24. Nxb5 Bxa1 25. Nc7 Rxc7 26. Bxc7 Qxc7 27. Rxa1 Rc8 28. g3 Qc6 29. Rd1 Rd8 30. Qd4 Qb5 31. e4 Qxa5 32. exd5 Rd6 33. Qe5 Qd8 34. h4 a5 35. h5 Qd7 36. Rd3 f6 37. Qf4 Kh8 38. Qe4 Qf7 39. g4 Qd7 40. f3 Qd8 41. Kg2 Kg8 42. Qc4 Qd7 43. Qc5 Qd8 44. Kg3 Qb8 45. Kg2 Qd8 46. Kg3 Kh7 47. Kg2 f5 48. Qe3 fxg4 49. fxg4 Qf6 50. Qe4+ Kg8 51. Kg3 Qd8 52. Qe5 Qd7 53. Rd4 Qd8 54. Rd3 Qd7 55. Rd4 Qd8 56. Rd3 1/2-1/2


[Site "https://www.chess.com"]

[Event "Titled Tuesday Blitz March 28 Early 2023"]
[White "Zheenbekov, Nurgazy"]
[Black "Demin, Vladimir"]
[WhiteFideId "13800485"]
[BlackFideId "4167457"]
[WhiteElo "1975"]
[BlackElo "2600"]
[Result "1-0"]
[Round "04"]
[TimeControl "180+2"]
[Date "2023.03.28"]
[WhiteClock "0:02:01"]
[BlackClock "0:00:59"]

1. e4 e5 2. Nf3 Nc6 3. Bb5 a6 4. Ba4 Bc5 5. O-O Nge7 6. c3 Ba7 7. d4 Ng6 8. d5 Nce7 9. d6 cxd6 10. Qxd6 Bb8 11. Qd1 O-O 12. Bb3 Nf4 13. Nxe5 Bxe5 14. g3 Nfg6 15. f4 Bb8 16. Nd2 d5 17. e5 Bh3 18. Re1 Nf5 19. Nf3 Ba7+ 20. Kh1 d4 21. Ng5 Nxg3+ 22. hxg3 Bd7 23. Qh5 Bc6+ 24. Kh2 h6 25. Qxg6 Bd5 26. Qh7# 1-0


[Site "https://www.chess.com"]

[Event "Titled Tuesday Blitz March 28 Early 2023"]
[White "Maxfan2008"]
[Black "Rosen, Eric"]
[BlackFideId "2032562"]
[WhiteElo "2414"]
[BlackElo "2331"]
[Result "1-0"]
[Round "04"]
[TimeControl "180+2"]
[Date "2023.03.28"]
[WhiteClock "0:01:13"]
[BlackClock "0:00:24"]

1. d4 d5 2. c4 e6 3. Nc3 Nf6 4. cxd5 exd5 5. Bg5 c6 6. e3 Bd6 7. Bd3 h6 8. Bh4 O-O 9. Qc2 Re8 10. h3 a5 11. Nge2 Na6 12. a3 Nc7 13. O-O Ne6 14. e4 dxe4 15. Nxe4 Be7 16. Rad1 Nxd4 17. Nxf6+ Bxf6 18. Bh7+ Kh8 19. Rxd4 Qe7 20. Re4 Be6 21. Bxf6 Qxf6 22. Rf4 Qe5 23. Bd3 Bd5 24. Rg4 f5 25. Nf4 Bf7 26. Bxf5 Bg6 27. Nxg6+ 1-0


[Site "https://www.chess.com"]

[Event "Titled Tuesday Blitz March 28 Early 2023"]
[White "Janaszak, Dawid"]
[Black "drdaro"]
[WhiteFideId "1119206"]
[WhiteElo "2220"]
[BlackElo "2403"]
[Result "1-0"]
[Round "04"]
[TimeControl "180+2"]
[Date "2023.03.28"]
[WhiteClock "0:00:06"]
[BlackClock "0:00:01"]

1. e4 g6 2. Nc3 Bg7 3. Bc4 d6 4. h4 h5 5. d4 Nc6 6. Be3 Nf6 7. f3 a6 8. Nge2 b5 9. Bb3 Na5 10. Qd2 Bb7 11. O-O Nxb3 12. axb3 e6 13. Bg5 O-O 14. Qf4 Re8 15. e5 dxe5 16. dxe5 Nd5 17. Nxd5 Qxd5 18. Bf6 Qc5+ 19. Rf2 Bxf6 20. exf6 Rad8 21. Ng3 Kh7 22. Re1 Rd4 23. Qe3 Qd6 24. Nxh5 gxh5 25. Qg5 Qf8 26. Qxh5+ Kg8 27. Re5 Rd1+ 28. Kh2 Rd5 29. f4 Rxe5 30. Qxe5 Qh6 31. h5 Rd8 32. g4 Rd5 33. Qxc7 Qxf6 34. Kg3 e5 35. Qxb7 Qe6 36. f5 Qd6 37. Qc8+ Kg7 38. Qe8 e4+ 39. Kh3 e3 40. f6+ Kh6 41. Qh8+ Kg5 42. Qg7# 1-0


[Site "https://www.chess.com"]

[Event "Titled Tuesday Blitz March 28 Early 2023"]
[White "Lorenzo De La Riva, Lazaro"]
[Black "Staudenhocker43"]
[WhiteFideId "2268809"]
[WhiteElo "2294"]
[BlackElo "2554"]
[Result "1-0"]
[Round "04"]
[TimeControl "180+2"]
[Date "2023.03.28"]
[WhiteClock "0:00:15"]
[BlackClock "0:00:10"]

1. e4 c5 2. Nc3 Nc6 3. Bb5 Nd4 4. Bc4 Nf6 5. Nge2 e6 6. d3 d5 7. exd5 exd5 8. Bb3 Nxe2 9. Qxe2+ Be7 10. O-O O-O 11. Qf3 Be6 12. h3 a6 13. a4 h6 14. Bf4 Rc8 15. a5 c4 16. dxc4 dxc4 17. Rfd1 cxb3 18. Rxd8 Rfxd8 19. cxb3 Nd5 20. Nxd5 Bxd5 21. Qg3 Kh7 22. Be5 Bf8 23. Rd1 Bc6 24. Rxd8 Rxd8 25. Qc3 Rd5 26. Kh2 Kg8 27. Bc7 Rg5 28. Bg3 Rc5 29. Qd2 Rd5 30. Qe1 h5 31. h4 g6 32. Be5 Rb5 33. Bc3 Bd6+ 34. g3 Rd5 35. Qe3 Rd1 36. f3 Bf8 37. Qe5 f6 38. Qxf6 Rd6 39. Qh8+ Kf7 40. Qh7+ Ke8 41. Bb4 Rd7 42. Qg8 Rf7 43. Bxf8 Rxf8 44. Qxg6+ Ke7 45. f4 Bf3 46. Qg5+ Kd7 47. Qg7+ Ke8 48. Qe5+ Kd7 49. f5 Bg4 50. f6 Re8 51. Qd5+ Kc7 52. Qf7+ Kd8 53. Qd5+ Kc7 54. f7 Re2+ 55. Kg1 Re1+ 56. Kf2 Re2+ 57. Kf1 Rxb2 58. f8=Q Bh3+ 59. Ke1 Rb1+ 60. Kd2 Rb2+ 61. Kc1 1-0


[Site "https://www.chess.com"]

[Event "Titled Tuesday Blitz March 28 Early 2023"]
[White "Alahakoon, Isuru"]
[Black "Shohat, Yotam"]
[WhiteFideId "9900993"]
[BlackFideId "2813955"]
[WhiteElo "1995"]
[BlackElo "2226"]
[Result "1-0"]
[Round "04"]
[TimeControl "180+2"]
[Date "2023.03.28"]
[WhiteClock "0:01:19"]
[BlackClock "0:00:19"]

1. Nf3 Nf6 2. d4 g6 3. Nc3 d5 4. Bf4 Bg7 5. Nb5 Na6 6. e3 O-O 7. h4 h5 8. Be2 Ne4 9. Ng5 Nxg5 10. hxg5 c6 11. Nc3 Nc7 12. Bxh5 gxh5 13. Qxh5 Bf5 14. Qh2 Ne6 15. Be5 f6 16. gxf6 exf6 17. Bd6 Rf7 18. O-O-O b5 19. e4 dxe4 20. d5 cxd5 21. Rxd5 Bg6 22. Qg3 Ng5 23. Bf4 Qe7 24. Bxg5 fxg5 25. Rxg5 Bf5 26. Qh4 1-0


[Site "https://www.chess.com"]

[Event "Titled Tuesday Blitz March 28 Early 2023"]
[White "Skaric, Djuro"]
[Black "Sousa, Andre Ventura"]
[WhiteFideId "934569"]
[BlackFideId "1917617"]
[WhiteElo "2282"]
[BlackElo "2348"]
[Result "1-0"]
[Round "04"]
[TimeControl "180+2"]
[Date "2023.03.28"]
[WhiteClock "0:00:27"]
[BlackClock "0:00:08"]

1. g3 Nf6 2. Bg2 d5 3. d3 e5 4. Nf3 Bd6 5. O-O O-O 6. Nc3 Re8 7. e4 c6 8. h3 Nbd7 9. Nd2 Nf8 10. f4 exf4 11. gxf4 dxe4 12. dxe4 Ng6 13. Nb3 Bc7 14. e5 Qxd1 15. Rxd1 Nh5 16. Ne2 Nh4 17. c4 Be6 18. Nc5 Bxc4 19. Nd4 Bb6 20. b4 Nxg2 21. Kxg2 a5 22. Kf3 axb4 23. Nxb7 Bxa2 24. Nxc6 Bd5+ 25. Rxd5 Rxa1 26. Nd6 Rea8 27. Bb2 Rf1+ 28. Kg4 Nxf4 29. Rd2 g5 30. Nf5 Rg1+ 31. Kf3 h5 32. h4 Rf1+ 33. Ke4 gxh4 34. Nxh4 Kh7 35. Nf3 Ng6 36. Ng5+ Kh6 37. Nxf7+ Rxf7 38. e6 Re8 39. Kd5 Rf5+ 40. Kd6 Bc5+ 41. Kd7 Rff8 42. Bc1 Kh7 43. Rd5 Be7 44. Rxh5+ Kg7 45. Bh6+ Kg8 46. Bxf8 Rxf8 47. Nxe7+ Kg7 48. Rg5 b3 49. Rxg6+ Kh7 50. Rg2 Rb8 51. Rb2 Kg7 52. Nc6 Rb7+ 53. Kd8 1-0


[Site "https://www.chess.com"]

[Event "Titled Tuesday Blitz March 28 Early 2023"]
[White "Escanor89"]
[Black "hsd2016"]
[WhiteElo "2539"]
[BlackElo "1970"]
[Result "0-1"]
[Round "04"]
[TimeControl "180+2"]
[Date "2023.03.28"]
[WhiteClock "0:00:05"]
[BlackClock "0:00:04"]

1. e4 e5 2. Nf3 Nc6 3. Bc4 Nf6 4. d3 Bc5 5. c3 O-O 6. O-O d6 7. Bb3 h6 8. Nbd2 a6 9. h3 Ne7 10. d4 exd4 11. cxd4 Bb6 12. Re1 Ng6 13. Bc2 Nf4 14. Nc4 N6h5 15. Nxb6 cxb6 16. Nh2 Qg5 17. Ng4 Nf6 18. Qf3 N6h5 19. Kh2 f5 20. exf5 Bxf5 21. Qb3+ Kh8 22. Bxf5 Qxf5 23. Be3 Nd3 24. Rf1 Nhf4 25. Kg1 h5 26. Nh2 Qg6 27. Bxf4 Nxf4 28. g4 hxg4 29. Nxg4 Rf5 30. Qg3 Raf8 31. Kh2 Rg5 32. f3 Rh5 33. h4 Qh7 34. Kg1 Rxh4 35. Kf2 Rh3 36. Qg1 Qc2+ 37. Ke1 Qe2# 0-1


[Site "https://www.chess.com"]

[Event "Titled Tuesday Blitz March 28 Early 2023"]
[White "Corrales Jimenez, Fidel"]
[Black "Thiel, Thomas"]
[WhiteFideId "3506690"]
[BlackFideId "4615964"]
[WhiteElo "2541"]
[BlackElo "2220"]
[Result "1-0"]
[Round "04"]
[TimeControl "180+2"]
[Date "2023.03.28"]
[WhiteClock "0:00:16"]
[BlackClock "0:01:04"]

1. g3 c6 2. Bg2 d5 3. Nf3 Nf6 4. O-O g6 5. d3 Bg7 6. Nbd2 O-O 7. Re1 d4 8. a3 Re8 9. Rb1 e5 10. c3 dxc3 11. bxc3 Nbd7 12. Qb3 Nc5 13. Qb4 Bf8 14. Qb2 e4 15. dxe4 Nfxe4 16. Nxe4 Nxe4 17. Bf4 Bg7 18. Rbd1 Qa5 19. Nd4 Qxc3 20. Qb1 Bxd4 21. Bxe4 Qxa3 22. e3 Bb6 23. Bh6 Qe7 24. Qa1 Qe5 25. Rd4 Bxd4 26. exd4 Qf6 27. Bxc6 Rxe1+ 28. Qxe1 Qxc6 29. Qe5 f6 30. Qe7 Qd7 31. Qf8# 1-0


[Site "https://www.chess.com"]

[Event "Titled Tuesday Blitz March 28 Early 2023"]
[White "Kokoszczynski, Jan"]
[Black "Horvath, Dominik"]
[WhiteFideId "1174460"]
[BlackFideId "1642561"]
[WhiteElo "2139"]
[BlackElo "2407"]
[Result "1-0"]
[Round "04"]
[TimeControl "180+2"]
[Date "2023.03.28"]
[WhiteClock "0:00:56"]
[BlackClock "0:00:45"]

1. d4 Nf6 2. c4 e6 3. Nf3 b6 4. g3 Ba6 5. b3 d5 6. cxd5 exd5 7. Bg2 c5 8. O-O Nc6 9. Nc3 cxd4 10. Nxd4 Nxd4 11. Qxd4 Bc5 12. Qa4+ Qd7 13. Qxa6 O-O 14. Bg5 Ng4 15. Nxd5 Rae8 16. Qd3 Ne5 17. Qd2 Qf5 18. b4 Nc4 19. Qf4 Qxf4 20. Bxf4 Bd4 21. Rac1 Na3 22. Bd6 1-0


[Site "https://www.chess.com"]

[Event "Titled Tuesday Blitz March 28 Early 2023"]
[White "Zacurdajev, Dmitry"]
[Black "Hasangatin, Ramil"]
[WhiteFideId "4196309"]
[BlackFideId "4122160"]
[WhiteElo "2179"]
[BlackElo "2275"]
[Result "0-1"]
[Round "04"]
[TimeControl "180+2"]
[Date "2023.03.28"]
[WhiteClock "0:00:04"]
[BlackClock "0:00:48"]

1. d4 d6 2. c4 e5 3. d5 Be7 4. Nc3 a5 5. e4 Bg5 6. g3 Bxc1 7. Rxc1 Nf6 8. Bg2 O-O 9. Nge2 Na6 10. O-O Nc5 11. h3 Re8 12. Qc2 c6 13. dxc6 bxc6 14. Rcd1 Qc7 15. Na4 Nxa4 16. Qxa4 Nd7 17. Qa3 Nc5 18. Nc3 Rb8 19. b3 Rb4 20. Rd2 Ne6 21. Rfd1 Nd4 22. Ne2 c5 23. Nc3 Be6 24. Qc1 a4 25. Nxa4 Bxc4 26. Nc3 Be6 27. Kh2 Rc8 28. f4 f6 29. Rf2 c4 30. Ne2 c3 31. Re1 c2 32. f5 Bf7 33. g4 Rb6 34. g5 fxg5 35. Qxg5 Nxe2 36. f6 Bg6 37. Rfxe2 c1=Q 38. f7+ Bxf7 0-1


[Site "https://www.chess.com"]

[Event "Titled Tuesday Blitz March 28 Early 2023"]
[White "Gonzalez, Francisco Silva"]
[Black "Iskusnyh, Sergei"]
[WhiteFideId "1512285"]
[BlackFideId "4120027"]
[WhiteElo "2074"]
[BlackElo "2492"]
[Result "0-1"]
[Round "04"]
[TimeControl "180+2"]
[Date "2023.03.28"]
[WhiteClock "0:00:18"]
[BlackClock "0:00:24"]

1. d4 d5 2. c4 c6 3. Nc3 Nf6 4. e3 e6 5. Nf3 a6 6. Bd3 dxc4 7. Bxc4 b5 8. Bb3 c5 9. a4 b4 10. Ne2 Nbd7 11. Ng3 Bb7 12. a5 Bd6 13. O-O O-O 14. Qe2 Qc7 15. Rd1 Rac8 16. Bd2 Qb8 17. Rdc1 Rfd8 18. Rc2 Ne4 19. Rac1 Nxg3 20. hxg3 Be4 21. Rc4 Bd5 22. dxc5 Bxc4 23. Bxc4 Nxc5 24. Bxa6 Nxa6 25. Qxa6 Rxc1+ 26. Bxc1 Qa8 27. Qb5 Rb8 28. Qd7 Qd5 29. Bd2 Bf8 30. Qc7 Ra8 31. Ne5 f6 32. Qf7+ Kh8 33. Nd7 Bd6 34. Nxf6 Qxd2 35. Qxe6 Qe1+ 36. Kh2 Qxf2 37. Ne4 Qxe3 38. Qd5 Qh6+ 39. Kg1 Qe3+ 40. Kh2 Qh6+ 41. Kg1 Rd8 42. Nxd6 Qxd6 43. Qb7 Qd1+ 44. Kf2 Rd2+ 45. Ke3 Qe2+ 46. Kf4 Rd4+ 47. Kf5 Qd3+ 48. Kg5 Qxg3+ 49. Kf5 Qf4+ 0-1


[Site "https://www.chess.com"]

[Event "Titled Tuesday Blitz March 28 Early 2023"]
[White "Kadam, Om Manish"]
[Black "Bas Mas, Jose Joaquin"]
[WhiteFideId "45076294"]
[BlackFideId "22219064"]
[WhiteElo "2221"]
[BlackElo "2233"]
[Result "0-1"]
[Round "04"]
[TimeControl "180+2"]
[Date "2023.03.28"]
[WhiteClock "0:00:46"]
[BlackClock "0:00:20"]

1. e4 e6 2. d4 d5 3. exd5 exd5 4. Nf3 Bd6 5. Bd3 Ne7 6. O-O Nbc6 7. c3 Bg4 8. h3 Bh5 9. Re1 Qd7 10. Nbd2 O-O 11. Nf1 Bg6 12. Bb5 a6 13. Ba4 b5 14. Bb3 Na5 15. Bc2 Rfe8 16. Ne5 Bxe5 17. dxe5 c5 18. Ne3 Rad8 19. Ng4 Bxc2 20. Qxc2 Ng6 21. f4 h5 22. Nf2 Nc4 23. b3 Nd6 24. Ba3 Nf5 25. Bxc5 Nxf4 26. Qd2 Ne6 27. Bb6 Rc8 28. Nd3 d4 29. cxd4 Nfxd4 30. Rac1 Rxc1 31. Rxc1 Qd5 32. Qe3 Nf5 33. Qf3 Qxf3 34. gxf3 Ned4 35. Kf2 Re6 36. Ba7 h4 37. Bb8 Rg6 38. Nf4 Rg3 39. Rc3 Kh7 40. Ba7 g5 41. Nd5 Rxh3 42. Rc7 Kg6 43. Ne7+ Nxe7 44. Bxd4 Nf5 45. Rc6+ Kh5 46. Bc5 Rh2+ 47. Kg1 Rc2 48. b4 h3 0-1


[Site "https://www.chess.com"]

[Event "Titled Tuesday Blitz March 28 Early 2023"]
[White "Fernandez Garcia, Gumersindo"]
[Black "De Silva, L M S T"]
[WhiteFideId "24516740"]
[BlackFideId "9953698"]
[WhiteElo "2093"]
[BlackElo "2403"]
[Result "0-1"]
[Round "04"]
[TimeControl "180+2"]
[Date "2023.03.28"]
[WhiteClock "0:00:27"]
[BlackClock "0:02:15"]

1. e4 e5 2. Nf3 Nc6 3. d4 exd4 4. Bc4 Nf6 5. O-O Nxe4 6. Re1 d5 7. Bxd5 Qxd5 8. Nc3 Qh5 9. Nxe4 Be6 10. Neg5 Bd6 11. Nxe6 fxe6 12. Rxe6+ Kd8 13. Bg5+ Kc8 14. Qd2 Rf8 15. Rae1 Rxf3 16. gxf3 Qxh2+ 17. Kf1 Qh3+ 18. Ke2 Qxe6+ 19. Kd1 Qg6 20. f4 Kd7 21. Kc1 h6 22. Bh4 Re8 23. Rd1 Qg4 24. Bg3 h5 25. Rh1 Re2 26. Qd3 Bxf4+ 27. Bxf4 Qxf4+ 28. Kb1 Qe4 29. Qh3+ Kd8 30. a3 Qxc2+ 0-1


[Site "https://www.chess.com"]